 Dungeon Crawl Stone Soup version 0.21-a0-360-g65c131b (webtiles) character file.

614 Ordine the Slasher (level 7, -6/41 HPs)
             Began as a Tengu Fighter on Oct 13, 2017.
             Mangled by an ogre
             ... wielding a +0 giant club
              (22 damage)
             ... on level 4 of the Dungeon.
             The game lasted 00:07:11 (3053 turns).

Ordine the Slasher (Tengu Fighter)                  Turns: 3053, Time: 00:07:12

Health: -6/41      AC:  6    Str: 17    XL:     7   Next: 44%
Magic:  6/8        EV:  8    Int: 10    God:
Gold:   160        SH: 11    Dex: 13    Spells: 6/6 levels left

rFire    . . .     SeeInvis .   a - +0 long sword
rCold    . . .     Gourm    .   c - +1 shield
rNeg     . . .     Faith    .   b - +0 scale mail
rPois    .         Spirit   .   (helmet restricted)
rElec    .         Reflect  .   (no cloak)
rCorr    .         Harm     .   (no gloves)
MR       .....                  (boots unavailable)
Stlth    ..........             (no amulet)
HPRegen  0.13/turn              (no ring)
MPRegen  0.11/turn              (no ring)

@: flying quickly and evasively, quick
A: beak, talons 3, able to fly 1
a: no special abilities


You were on level 4 of the Dungeon.
You were hungry.

You visited 1 branch of the dungeon, and saw 4 of its levels.

You collected 160 gold pieces.

Inventory:

Hand Weapons
 a - a +0 long sword (weapon)
Armour
 b - a +0 scale mail (worn)
 c - a +1 shield (worn)
Scrolls
 g - 2 scrolls of teleportation
 i - 3 scrolls of remove curse
 l - a scroll of amnesia
 m - a scroll of magic mapping
Potions
 d - a potion of might
 e - a potion of haste {unknown}
 h - a potion of flight
 j - 2 potions of curing {unknown}
 k - 3 potions of heal wounds
 o - a potion of mutation {unknown}
Comestibles
 f - 3 bread rations
 n - a chunk of flesh


   Skills:
 - Level 3.0 Fighting
 * Level 7.3 Long Blades
 - Level 3.2 Armour
 + Level 5.3 Shields


You had 6 spell levels left.
You didn't know any spells.

Dungeon Overview and Level Annotations

Branches:
Dungeon (4/15)
 Temple: D:4-7

Altars:


Innate Abilities, Weirdness & Mutations

You have a beak for a mouth.
You have claws for feet.
You can fly.


Message History

The ogre hits you with a giant club!
You hit the ogre.
The ogre is moderately wounded.
The ogre hits you with a giant club!
You are too injured to fight recklessly!
You hit the ogre. Your kick misses the ogre.
The ogre is heavily wounded.
You block the ogre's attack.
You slash the ogre! Your kick misses the ogre. You peck the ogre.
The ogre is severely wounded.
The ogre barely misses you.
Your shield prevents you from hitting the ogre.
The ogre is severely wounded.
The ogre barely misses you.
You hit the ogre but do no damage. You claw the ogre, but do no damage.
You peck the ogre, but do no damage.
The ogre is severely wounded.
The ogre hits you with a giant club!!
Ouch! That really hurt!
You die...

##..................#
##...................#
##....................#
##.....................#
#........<.......>.....#
.......................#
.......................#
#......................#
#...............@......#
##..............O......#
#......................#
.......................#
.......................#
.......................#
#.....................>#
#.#....................#
#.....................#


You could see an ogre.

Vanquished Creatures
  The ghost of Ordine the Slasher, a novice TeFi of Okawaru (D:4)
  3 wights (D:3)
  3 orc priests
  Jessica (D:2)
  A hound zombie (D:4)
  3 gnolls (D:3)
  2 adders (D:2)
  2 adder skeletons (D:4)
  2 worms (D:3)
  A dart slug (D:2)
  7 orcs
  7 bats
  5 giant cockroaches
  5 goblins
  6 hobgoblins
  8 kobolds
  4 ball pythons
  5 frilled lizards
  4 rats
70 creatures vanquished.

Notes
Turn   | Place    | Note
-------+----------+-------------------------------------------
     0 | D:1      | Ordine the Tengu Fighter began the quest for the Orb.
     0 | D:1      | Reached XP level 1. HP: 14/14 MP: 2/2
   101 | D:1      | Reached XP level 2. HP: 19/19 MP: 3/3
   190 | D:1      | Reached skill level 3 in Long Blades
   438 | D:2      | Reached XP level 3. HP: 23/23 MP: 4/4
   478 | D:2      | Noticed Jessica
   481 | D:2      | Killed Jessica
   586 | D:2      | Reached skill level 4 in Long Blades
   618 | D:2      | Reached XP level 4. HP: 28/28 MP: 5/5
  1212 | D:3      | Gained mutation: You can fly. [Tengu growth]
  1212 | D:3      | Reached XP level 5. HP: 14/32 MP: 6/6
  1841 | D:3      | Reached skill level 5 in Long Blades
  1982 | D:3      | Reached XP level 6. HP: 31/37 MP: 7/7
  2248 | D:3      | Reached skill level 6 in Long Blades
  2721 | D:4      | Noticed Ordine's ghost (novice TeFi)
  2747 | D:4      | Killed Ordine's ghost
  2747 | D:4      | Reached skill level 7 in Long Blades
  2747 | D:4      | Reached skill level 5 in Shields
  2747 | D:4      | Reached XP level 7. HP: 25/41 MP: 6/8
  3053 | D:4      | Mangled by an ogre

Vault maps used:
D:1:      dpeg_chamrin_arrival_tetris
D:2:      minivault_4, uniq_jessica
D:3:      first_bread

Skill      XL: |  1  2  3  4  5  6 |
---------------+-------------------+-----
Long Blades    | 3 4 5 7 |  7.3
Shields        | 4 5 |  5.3
Fighting       | |  3.0
Armour         | |  3.2

Action                   |  1- 3 |  4- 6 |  7- 9 || total
-------------------------+-------+-------+-------++-------
Melee: Long sword        |    54 |   150 |     7 ||   211
       Kick              |    15 |    37 |     1 ||    53
       Peck              |     3 |    16 |     3 ||    22
 Abil: Fly               |       |     2 |     1 ||     3
  Use: Scroll            |     4 |     7 |       ||    11
       Potion            |       |     2 |       ||     2
  Eat: Chunk             |       |     6 |     1 ||     7
Armor: Scale mail        |    19 |    44 |       ||    63
       Skin              |       |    17 |       ||    17
Dodge: Dodged            |    15 |    36 |     2 ||    53
Block: Shield            |    22 |    76 |     2 ||   100
       Rpst.: Long sword |     6 |    12 |       ||    18

Table legend:
 A = Spawn XP
 B = Non-spawn XP
 C = Spawn XP percentage of total XP
 D = Spawn monster count
 E = Non-spawn monster count
 F = Spawn count percentage of total count
 G = Total turns spent on level
                    A         B        C        D         E        F      G
               +---------+---------+-------+---------+---------+-------+---------
         Total |       0 |     878 |   0.0 |       0 |      70 |   0.0 |  3053
               +---------+---------+-------+---------+---------+-------+---------
           D:1 |       0 |      31 |   0.0 |       0 |      18 |   0.0 |   429
           D:2 |       0 |      92 |   0.0 |       0 |      19 |   0.0 |   920
           D:3 |       0 |     345 |   0.0 |       0 |      27 |   0.0 |  1203
           D:4 |       0 |     410 |   0.0 |       0 |       6 |   0.0 |   501
               +---------+---------+-------+---------+---------+-------+---------
